 Dungeon Crawl Stone Soup version 0.24.0-2-g5b39cebb1c (webtiles) character file.

Game seed: 3643620612056698277, levelgen mode: deterministic

7515 OleJ the Covert (level 11, -2/96 HPs)
             Began as an Octopode Monk on Oct 30, 2019.
             Was the Champion of Jiyva.
             Slain by an unseen horror (8 damage)
             ... on level 11 of the Dungeon.
             The game lasted 00:46:17 (15534 turns).

OleJ the Covert (Octopode Monk)                    Turns: 15534, Time: 00:46:17

Health: -2/96      AC:  5    Str: 10    XL:     11   Next: 16%
Magic:  20/20      EV: 18    Int:  9    God:    Jiyva [******]
Gold:   528        SH:  7    Dex: 22    Spells: 10/10 levels left

rFire    + . .     SeeInvis .     - Unarmed
rCold    . . .     Gourm    .   u - +0 shield
rNeg     + . .     Faith    .   j - +2 hat
rPois    .         Spirit   .   (no amulet)
rElec    .         Reflect  .   s - ring "Inappudoagg" {rN+ MP+9}
rCorr    +         Harm     .   x - +2 ring of protection
MR       .....                  B - ring of protection from fire
Stlth    ++++++....             (no ring)
HPRegen  0.26/turn              (no ring)
MPRegen  0.17/turn              (no ring)
                                (no ring)
                                (no ring)

@: hasted, very quick
A: almost no armour, stealthy swim, amphibious, 8 rings, constrict 8, tentacle
spike 1, camouflage 1, robust 2, eyeballs 1, gelatinous body 1, pseudopods 2
a: Request Jelly, Slimify, Cure Bad Mutation, Renounce Religion


You were on level 11 of the Dungeon.
You worshipped Jiyva.
Jiyva was exalted by your worship.
You were completely stuffed.

You visited 2 branches of the dungeon, and saw 12 of its levels.

You collected 528 gold pieces.

Inventory:

Hand Weapons
 g - the +11 rapier "Etauhe" {flame, rF- Str+4 Dex+6, unknown}
   (You found it on level 5 of the Dungeon)

   It has been specially enchanted to burn those struck by it, causing extra
   injury to most foes and up to half again as much damage against particularly
   susceptible opponents.
   It affects your strength (+4).
   It affects your dexterity (+6).
   It makes you vulnerable to fire.
 h - a +0 club
Missiles
 b - 11 poisoned darts (quivered)
 i - 294 stones
Armour
 j - a +2 hat (worn)
 u - a +0 shield (worn)
Jewellery
 m - a cursed amulet of inaccuracy
 s - the ring "Inappudoagg" (left tentacle) {rN+ MP+9}
   (You took it off a crimson imp on level 6 of the Dungeon)

   [ring of positive energy]

   It protects you from negative energy.
   It affects your magic capacity (+9).
 x - a +2 ring of protection (right tentacle)
 B - a ring of protection from fire (on tentacle)
Wands
 c - a wand of acid (9)
 o - a wand of polymorph (8)
 w - a wand of digging (3)
Scrolls
 p - 2 scrolls of enchant weapon
 q - 3 scrolls of enchant armour
 y - a scroll of remove curse
 C - 4 scrolls of identify
Potions
 f - 2 potions of haste
 l - 2 potions of brilliance
 t - 2 potions of agility
 v - a potion of flight
Comestibles
 a - 14 rations
 d - 3 chunks of flesh


   Skills:
 + Level 9.1 Fighting
 + Level 9.0 Dodging
 + Level 12.0 Stealth
 + Level 9.1 Unarmed Combat


You had 10 spell levels left.
You didn't know any spells.
Your spell library contained the following spells:

 Spells                   Type           Power        Failure   Level  Hunger
 Magic Dart               Conj           #...         96%         1    ##.....
 Blink                    Tloc           N/A          99%         2    ###....
 Call Imp                 Summ           #.......     99%         2    ###....
 Slow                     Hex            #.......     99%         2    ###....
 Conjure Flame            Conj/Fire      #.......     100%        3    ####...
 Mephitic Cloud           Conj/Pois/Air  #.......     100%        3    ####...


Dungeon Overview and Level Annotations

Branches:
Dungeon (11/15)            Temple (1/1) D:6            Lair (0/6) D:8
    Orc: D:9-12

Altars:
Ashenzari
Cheibriados
Dithmenos
Elyvilon
Fedhas
Gozag
Hepliaklqana
Kikubaaqudgha
Makhleb
Nemelex Xobeh
Okawaru
Qazlal
Ru
Sif Muna
Trog
Uskayaw
Vehumet
Wu Jian
Xom
Yredelemnul
Zin
The Shining One
Jiyva

Shops:
D:11 !

Annotations:
D:4 Grinder
D:9 exclusions: Psyche and 1 more exclusion


Innate Abilities, Weirdness & Mutations

You cannot wear most types of armour.
You are very stealthy in the water. (Stealth+)
You are amphibious.
You can wear up to eight rings at the same time.
You can use your tentacles to constrict eight enemies at once.
Your skin changes colour to match your surroundings (Stealth+).
Your rubbery body absorbs attacks. (AC +1, EV +1)
One of your tentacles bears a spike.
You are very robust. (+20% HP)
Your body has grown golden eyes which may confuse attackers. (Acc +3)
Armour fits poorly on your large pseudopods.


Message History

* * * LOW HITPOINT WARNING * * *
Something hits you but does no damage.
There is an entrance to Quecloj Igry's Distillery here.
Something hits you.
* * * LOW HITPOINT WARNING * * *
You tentacle-slap something. Something hits you.
* * * LOW HITPOINT WARNING * * *
You tentacle-slap something but do no damage.
Your tentacle spike misses something.
You squeeze something! Something barely misses you.
Something hits you but does no damage.
You hear a distant slurping noise.
Jiyva appreciates your sacrifice.
You feel a little less hungry.
You feel better.
There is a stone staircase leading down here.
Something hits you but does no damage.
You closely miss something. You squeeze something. Something barely misses you.
You barely miss something. You bludgeon something. Something hits you!
* * * LOW HITPOINT WARNING * * *
Something hits you!
You die...

.#
######.#######..####..##
.#########......## #..#
#..## .................#
#..####..##
##########.###.#.#
#..#......# #)......#
#..#.#.###. #####.#.#
#..#..## ##
#.#.######..#.## #
#.....#.......#
#####.#@#....#..#.## #
.......{...#.......## ##
...##.#.#....####.#.###.
#.....#.## #.##..##
#.#∩###.# #.#####
#.#.###.#####.######
#....##............#
#........####.###..#
##...#........# .


There were no monsters in sight!

Vanquished Creatures
  An unseen horror (D:10)
  2 hornets
  A troll (D:9)
  Prince Ribbit (D:8)
  3 hippogriffs (D:9)
  6 yaks
  A wyvern (D:9)
  A spriggan (D:10)
  A water moccasin (D:7)
  2 ice beasts
  2 sky beasts
  A black bear (D:8)
  3 orc warriors
  2 ogres
  7 centaurs
  2 big kobolds
  2 bullfrogs
  2 scorpions
  4 killer bees (D:11)
  5 wights (D:8)
  A howler monkey (D:4)
  3 crimson imps
  A bullfrog zombie (D:8)
  5 centaur zombies
  3 bullfrog skeletons (D:4)
  7 hounds
  8 orc wizards
  4 orc priests
  4 jellies
  2 centaur skeletons
  Natasha (thrice) (D:3)
  2 iguanas
  4 worker ants
  A hound zombie (D:7)
  A hound skeleton (D:4)
  A howler monkey skeleton (D:8)
  11 adders
  2 shadow imps
  An ooze (D:2)
  An adder zombie (D:6)
  3 worms (D:4)
  A dart slug (D:2)
  3 leopard geckos
  28 orcs
  A giant cockroach (D:3)
  7 goblins
  9 hobgoblins
  4 jackals (D:6)
  2 quokkas
  A ball python (D:6)
  6 bats
  4 frilled lizards
  22 kobolds
  A quokka skeleton (D:6)
  8 rats
214 creatures vanquished.

Vanquished Creatures (others)
  The ghost of OleJ the Chucker, a novice CeGl of Cheibriados (D:8)
  Psyche (D:9)
  A water moccasin (D:9)
  An orc warrior (D:11)
  A black bear (D:9)
  A crocodile (D:9)
  A wyvern skeleton (D:9)
  35 jellies
  An orc priest (D:11)
  3 orc wizards
  A worker ant (D:10)
  A worker ant zombie (D:10)
  2 adders
  An adder skeleton (D:10)
  2 leopard geckos
  6 orcs
  A quokka (D:9)
  A fungus (D:8)
61 creatures vanquished.

Grand Total: 275 creatures vanquished

Notes
Turn   | Place    | Note
-------+----------+-------------------------------------------
     0 | D:1      | OleJ the Octopode Monk began the quest for the Orb.
     0 | D:1      | Reached XP level 1. HP: 16/16 MP: 1/1
    73 | D:1      | Reached XP level 2. HP: 16/21 MP: 2/2
   324 | D:1      | Reached skill level 3 in Stealth
   843 | D:1      | Gained mutation: You are robust. (+10% HP) [potion of
                  | mutation]
   843 | D:1      | Gained mutation: Your magical capacity is low. (-10% MP)
                  | [potion of mutation]
   843 | D:1      | Lost mutation: Your magical capacity is low. (-10% MP)
                  | [potion of mutation]
   922 | D:2      | Found an ancient bone altar of Kikubaaqudgha.
  1099 | D:2      | Reached XP level 3. HP: 15/28 MP: 3/3
  1787 | D:2      | Reached XP level 4. HP: 34/34 MP: 4/4
  2592 | D:3      | Noticed Natasha
  2600 | D:3      | Killed Natasha
  2600 | D:3      | Reached skill level 4 in Stealth
  2615 | D:3      | Noticed Natasha
  2619 | D:3      | Killed Natasha
  2619 | D:3      | Reached XP level 5. HP: 29/40 MP: 5/5
  2686 | D:3      | Noticed Natasha
  2695 | D:3      | Killed Natasha
  2774 | D:3      | Found a hazy altar of Hepliaklqana.
  3168 | D:3      | Found a faded altar of an unknown god.
  3332 | D:4      | Reached XP level 6. HP: 29/47 MP: 6/6
  3485 | D:4      | Reached skill level 5 in Stealth
  4069 | D:5      | Entered Level 5 of the Dungeon
  4322 | D:5      | Noticed Grinder
  4608 | D:5      | Reached XP level 7. HP: 41/53 MP: 7/7
  5494 | D:5      | Reached skill level 6 in Stealth
  5503 | D:5      | Got an encrusted rapier
  5546 | D:5      | Paralysed by Grinder for 7 turns
  5556 | D:5      | Paralysed by Grinder for 3 turns
  5723 | D:5      | Reached skill level 5 in Fighting
  5723 | D:5      | Reached skill level 5 in Dodging
  5723 | D:5      | Reached skill level 5 in Unarmed Combat
  6251 | D:6      | Found a white marble altar of Elyvilon.
  6298 | D:6      | Reached XP level 8. HP: 20/60 MP: 8/8
  6703 | D:6      | Found a staircase to the Ecumenical Temple.
  6939 | D:6      | Identified the ring "Inappudoagg" {rN+ MP+9}
  7039 | D:6      | Reached skill level 7 in Stealth
  7430 | Temple   | Entered the Ecumenical Temple
  7574 | D:6      | Found a hide-covered altar of Uskayaw.
  8140 | D:7      | Reached skill level 8 in Stealth
  8620 | D:7      | Reached XP level 9. HP: 68/68 MP: 9/9
  9137 | D:7      | Found a glowing silver altar of Zin.
  9516 | D:7      | Reached skill level 9 in Stealth
  9755 | D:8      | Found a runed translucent gate.
  9756 | D:8      | Found a runed translucent gate.
  9757 | D:8      | Found a runed translucent gate.
  9768 | D:8      | Found a viscous altar of Jiyva.
  9768 | D:8      | Noticed OleJ's ghost (novice CeGl)
  9827 | D:8      | Found a basalt altar of Yredelemnul.
  9868 | D:8      | Found an ornate altar of the Wu Jian Council.
  9908 | D:8      | Found a staircase to the Lair.
 10094 | D:8      | Noticed Prince Ribbit
 10498 | D:8      | Noticed a hornet
 10530 | D:8      | Killed a hornet
 11649 | D:7      | Reached skill level 10 in Stealth
 11750 | D:8      | Became a worshipper of Jiyva Jikoil the Shapeless
 11750 | D:8      | Reached * piety under Jiyva
 11750 | D:8      | Reached ** piety under Jiyva
 11809 | D:8      | Reached *** piety under Jiyva
 11813 | D:8      | Killed OleJ's ghost
 11813 | D:8      | Reached XP level 10. HP: 33/79 MP: 10/10
 11827 | D:8      | Gained mutation: One of your tentacles bears a spike.
                  | [Jiyva's grace]
 11997 | D:8      | Killed Prince Ribbit
 12162 | D:9      | Noticed Psyche
 12633 | D:9      | Killed Psyche
 12635 | D:9      | Reached **** piety under Jiyva
 12824 | D:9      | Found a sacrificial altar of Ru.
 13150 | D:9      | Paralysed by a hornet for 2 turns
 13462 | D:9      | Reached skill level 11 in Stealth
 13596 | D:9      | Gained mutation: You are very robust. (+20% HP) [Jiyva's
                  | grace]
 14435 | D:9      | Found a burning altar of Makhleb.
 14490 | D:10     | Entered Level 10 of the Dungeon
 14564 | D:10     | Reached ***** piety under Jiyva
 14564 | D:10     | Gained mutation: Armour fits poorly on your pseudopods.
                  | [Jiyva's grace]
 14669 | D:10     | Reached XP level 11. HP: 83/93 MP: 11/11
 14861 | D:10     | Gained mutation: Your body has grown golden eyes which may
                  | confuse attackers. (Acc +3) [Jiyva's grace]
 14907 | D:10     | Killed an unseen horror
 15409 | D:11     | Reached skill level 12 in Stealth
 15502 | D:11     | Reached ****** piety under Jiyva
 15502 | D:11     | Gained mutation: Armour fits poorly on your large
                  | pseudopods. [Jiyva's grace]
 15509 | D:11     | Found Quecloj Igry's Distillery.
 15534 | D:11     | Slain by an unseen horror

Levels and vault maps discovered:
D:1:      saegor_arrival_under_anarchy, layout_rooms,
          chequers_serial_rivers_marsh
D:2:      wander_river, layout_loops_corners, kiku_gazebo_pond_becter,
          first_ration, minmay_misc_feat_nine_boxes
D:3:      layout_basic, lemuel_round_altar, chequers_ecumenical_altar_simple,
          uniq_natasha
D:4:      layout_cave_pools
D:5:      layout_rooms, uniq_grinder
D:6:      layout_basic, lemuel_doored_altar, minmay_temple_entry_tees,
          basic_altar
D:7:      layout_rooms, kennysheep_little_box
D:8:      layout_loops_ring, marbit_many_paths, nicolae_overflow_crystal_walls,
          dpeg_oklobed_lair, gammafunk_ghost_ooze, uniq_prince_ribbit1
D:9:      layout_roguey, nicolae_overflow_hidden_temple, basic_altar,
          uniq_psyche
D:10:     layout_irregular_city, the_bakery
D:11:     layout_loops_ring, erik_orc_4, serial_shops,
          nicolae_shop_behind_doors, nicolae_shop_window_shopping,
          kennysheep_mini, shop, uniq_sonja, uniq_urug
Temple:   regret_index_temple_waves

Skill      XL: |  1  2  3  4  5  6  7  8  9 10 11 |
---------------+----------------------------------+-----
Stealth        | 3 4 5 6 8 10 11 12 | 12.0
Dodging        | 4 5 6 7 8 9 |  9.0
Unarmed Combat | 4 5 6 7 8 9 |  9.1
Fighting       | 4 5 6 7 8 9 |  9.1

Action                   |  1- 3 |  4- 6 |  7- 9 | 10-12 || total
-------------------------+-------+-------+-------+-------++-------
Melee: Unarmed           |    74 |   114 |   360 |   212 ||   760
       Constrict         |    20 |    24 |    75 |    15 ||   134
       Tentacles         |    13 |    21 |    98 |    65 ||   197
       Punch             |       |     4 |    23 |     8 ||    35
       Kick              |       |       |       |    84 ||    84
       Pseudopods        |       |       |       |    19 ||    19
Throw: Dart              |     9 |    10 |    47 |    11 ||    77
       Stone             |       |       |     1 |       ||     1
Invok: Request Jelly     |       |       |       |     1 ||     1
  Use: Scroll            |     4 |     6 |    13 |     1 ||    24
       Potion            |     4 |       |     3 |     5 ||    12
 Stab: Sleeping          |     9 |    12 |     8 |     8 ||    37
       Invisible         |       |     1 |     7 |     1 ||     9
       Distracted        |       |     1 |     2 |     1 ||     4
       Confused          |       |       |       |     1 ||     1
  Eat: Chunk             |     3 |     8 |    11 |     1 ||    23
       Ration            |       |       |     4 |       ||     4
Armor: Skin              |     8 |     8 |    53 |    33 ||   102
Dodge: Dodged            |    48 |    77 |   224 |   136 ||   485
Block: Shield            |       |     1 |   122 |    55 ||   178
